AoeStats
← murcielagoschack

Lombardia

509859794Analyzed
2v2 RM · 4d ago on Sep 28, 2026· 53m 14s· 4 players
Game mode
Random Map
Map size
Medium (4 player)
Population
200
Speed
Normal
Resources
Standard
Victory
Conquest
Starting age
Dark Age
Ending age
Imperial Age
RankedLock teamsTeams togetherTeam positionsShared explorationLock speedFull tech treeHidden civsTurbo modeCheats
Victory
Defeat
🇭🇰 Khmer · Hong Kong SAR China
736
+12
🇨🇳 Danes · China
722
+12
🇫🇷 Chinese · France
677
-13
🇩🇪 Burmese · Germany
613
-11
XenuS_07
12:13 Feudal Age
20:15 Castle Age
20:03 Double-Bit Axe
20:00 Horse Collar
31:54 Man-at-Arms
31:54 Pikeman
33:47 Padded Archer Armor
33:37 Fletching
36:40 Imperial Age
35:02 Leather Archer Armor
34:56 Bodkin Arrow
37:20 Elite Chu Ko Nu
39:20 Bracer
39:51 Ring Archer Armor
46:02 Halberdier
46:02 Long Swordsman
49:21 Forging
49:19 Scale Barding Armor
48:44 Light Cavalry
49:35 Bloodlines
50:43 Iron Casting
murcielagoschack
0:27 Loom
12:46 Feudal Age
18:16 Castle Age
17:14 Stone Mining
17:22 Gold Mining
18:09 Town Watch
21:09 Wheelbarrow
37:50 Imperial Age
35:45 Fletching
36:22 Squires
36:23 Bodkin Arrow
36:47 Scale Mail Armor
37:26 Bloodlines
37:42 Caravan
38:03 Husbandry
38:57 Conscription
38:33 Pikeman
39:41 Scale Barding Armor
40:25 Horse Collar
43:54 Cavalier
44:49 Town Patrol
45:14 Hand Cart
45:18 Light Cavalry
46:03 Bracer
46:29 Arson
46:05 Man-at-Arms
48:15 Forging
48:30 Masonry
49:21 Chemistry
48:17 Murder Holes
49:13 Fortified Wall
49:55 Iron Casting
49:10 Gambesons
49:07 Halberdier
49:24 Long Swordsman
50:23 Chain Mail Armor
aaronandaaronaa
13:09 Feudal Age
15:25 Double-Bit Axe
15:26 Horse Collar
17:19 Forging
21:50 Castle Age
22:52 Bow Saw
22:57 Scale Barding Armor
22:46 Gold Mining
22:46 Stone Mining
23:43 Heavy Plow
25:56 Wheelbarrow
25:07 Loom
25:08 Town Watch
27:34 Iron Casting
28:22 Chain Barding Armor
30:48 Gold Shaft Mining
30:52 Stone Shaft Mining
30:12 Fletching
30:46 Ballistics
30:26 Herbal Medicine
30:51 Hand Cart
30:59 Town Patrol
34:26 Imperial Age
32:03 Town Patrol
33:05 Bloodlines
33:48 Tusk Swords
36:15 Blast Furnace
36:25 Elite Battle Elephant
38:50 Plate Barding Armor
39:26 Chemistry
38:37 Masonry
39:28 Elite Ballista Elephant
42:49 Double Crossbow
43:41 Murder Holes
43:58 Bodkin Arrow
44:04 Padded Archer Armor
44:50 Caravan
45:33 Bracer
46:19 Architecture
Kflurry
5:05 Loom
12:42 Feudal Age
14:14 Double-Bit Axe
16:11 Horse Collar
20:10 Bloodlines
22:06 Arson
23:00 Gold Mining
28:20 Castle Age
31:04 Husbandry
30:52 Gambesons
31:08 Squires
31:23 Thumb Ring
31:39 Bow Saw
31:31 Heavy Plow
35:32 Imperial Age
33:42 Wheelbarrow
33:40 Fletching
34:39 Coinage
35:48 Devotion
35:19 Hamask
35:44 Cranequins
36:54 Capped Ram
38:52 Bodkin Arrow
39:08 Forging
38:59 Scale Mail Armor
39:03 Padded Archer Armor
40:47 Banking
41:13 Gold Shaft Mining
40:46 Stone Mining
40:44 Pikeman
41:44 Caravan
43:04 Elite Jomsviking
44:43 Heavy Mounted Crossbowman
45:48 Leather Archer Armor
46:15 Ballistics
47:05 Chemistry
46:18 Bracer
48:29 Iron Casting
48:11 Chain Mail Armor
Connection lost

Rejoining the realm…

Still unreachable

The connection could not be restored.

Session expired

The server has moved on; the page needs a fresh start.